 Dungeon Crawl Stone Soup version 0.30-a0-371-gad7725a93e (webtiles) character file.

Game seed: 12229669185425551083

32 freelancePsychic the Conjurer (level 3, 0/23 (25) HPs)
             Began as an Octopode Reaver on Nov 21, 2022.
             Was a Follower of Sif Muna.
             Slain by a kobold
             ... wielding a +0 war axe
              (8 damage)
             ... on level 2 of the Dungeon.
             The game lasted 00:02:03 (939 turns).

freelancePsychic the Conjurer (Octopode Reaver)      Turns: 939, Time: 00:02:04

HP:   0/23 (25)     AC:  1    Str: 11    XL:     3   Next: 25%
MP:   1/6           EV: 13    Int: 17    God:    Sif Muna [*.....]
Gold: 45            SH:  0    Dex: 10    Spells: 3/6 levels left

rFire   . . .      SeeInvis .    a - +0 spear
rCold   . . .      Faith    .    (no shield)
rNeg    . . .      Spirit   .    (helmet restricted)
rPois   .          Reflect  .    (no amulet)
rElec   .          Harm     .    (no ring)
rCorr   .          Rampage  .    (no ring)
Will    .....                    (no ring)
Stlth   ++........               (no ring)
HPRegen 0.23/turn                (no ring)
MPRegen 0.10/turn                (no ring)
                                 (no ring)
                                 (no ring)

@: drained
A: almost no armour, amphibious, 8 rings, camouflage 1, gelatinous body 1,
(nimble swimmer 1), tentacles
a: Renounce Religion, Channel Magic


You were on level 2 of the Dungeon.
You worshipped Sif Muna.
Sif Muna was aware of your devotion.
You visited 1 branch of the dungeon, and saw 2 of its levels.

You collected 45 gold pieces.

Inventory:

Hand Weapons
 a - a +0 spear (weapon)
Scrolls
 d - a scroll of fear {unknown}
 e - a scroll of vulnerability {unknown}
 j - a scroll of teleportation {unknown}
 k - a scroll of identify {unknown}
Potions
 b - 2 potions of resistance {unknown}
 c - a potion of flight {unknown}
 f - a potion of ambrosia {unknown}
 h - 2 potions of haste {unknown}
 i - 2 potions of lignification {unknown}


   Skills:
 + Level 2.4 Fighting
 - Level 3.0 Polearms
 - Level 2.0 Dodging
 + Level 2.3 Spellcasting
 + Level 3.3 Conjurations
 + Level 1.0 Translocations


You had 3 spell levels left.
You knew the following spells:

 Your Spells              Type           Power      Damage    Failure   Level
a - Kiss of Death         Conj/Necr      28%        2d7       10%         1
b - Momentum Strike       Conj/Tloc      18%        3d8       12%         2

Your spell library contained the following spells:

 Spells                   Type           Power      Damage    Failure   Level
 Hailstorm                Conj/Ice       7%         3d4       28%         3


Dungeon Overview and Level Annotations

Branches:
Dungeon (2/15)

Altars:
Sif Muna

Shops:
D:1 !


Innate Abilities, Weirdness & Mutations

You cannot wear most types of armour.
You are amphibious.
You can wear up to eight rings at the same time.
Your skin changes colour to match your surroundings (Stealth+).
Your rubbery body absorbs attacks. (AC +1, EV +1)
((You are camouflaged when in or above water. (Stealth+)))
You have tentacles for arms and can constrict up to eight enemies at once.


Message History

Casting: Kiss of Death (safe; 10% risk of failure)
Confirm with . or Enter, or press ? or * to list all spells.
Aiming: Momentum Strike (safe; 12% risk of failure)
Press: ? - help, Dir - move target, f - quokka
Aim: a quokka (56% to hit)
The concentrated momentum hits the quokka!!
The quokka dies!
You are unable to move.
The kobold hits you with a +0 dagger.
You closely miss the kobold. Your grab misses the kobold.
The kobold hits you with a +0 dagger.
You barely miss the kobold. Your grab misses the kobold.
The kobold hits you with a +0 dagger. The endoplasm freezes you.
You are frozen.
You hit the endoplasm.
The endoplasm is lightly wounded.
A kobold comes into view. It is wielding a +0 sling.
The endoplasm closely misses you. The kobold hits you with a +0 dagger.
You hit the endoplasm but do no damage.
The endoplasm is lightly wounded.
The endoplasm hits you. The kobold barely misses you.
You hit the endoplasm but do no damage. You squeeze the endoplasm.
You kill the endoplasm!
Sif Muna accepts your kill.
You are no longer robbed of momentum.
The hobgoblin barely misses you.
You closely miss the hobgoblin. You grab the hobgoblin.
You squeeze the hobgoblin.
The hobgoblin is moderately wounded.
You constrict the hobgoblin. The hobgoblin barely misses you.
You hit the kobold but do no damage. You grab the kobold.
You constrict the kobold, but do no damage.
You constrict the hobgoblin. The kobold hits you with a +0 dagger.
The hobgoblin closely misses you.
You hit the kobold.
You kill the kobold!
Sif Muna accepts your kill.
You constrict the hobgoblin.
The kobold unwields a +0 sling.
The kobold wields a +0 war axe.
The kobold hits you with a +0 war axe!
You die...

.. ... ## #. .... .$ .'.
..### . ..# ....#. #.#
#...###.(# +#
#$K)#)..###.
...###@#.......
#.....g#..#
.........#####
##########.###......#
+......###.####.###.#
#.......#..........#
#.......######....##
####.......<..........#
#..........##########..#


You could see a hobgoblin and a kobold.

Vanquished Creatures
  An adder (D:2)
  3 bats
  4 endoplasms
  2 giant cockroaches (D:1)
  2 hobgoblins (D:1)
  2 jackals (D:1)
  2 kobolds (D:2)
  2 ball pythons (D:1)
  2 frilled lizards
20 creatures vanquished.

Vanquished Creatures (others)
  2 goblins
  2 hobgoblins
  2 quokkas (D:2)
6 creatures vanquished.

Grand Total: 26 creatures vanquished

Notes
Turn   | Place    | Note
-------+----------+-------------------------------------------
     0 | D:1      | freelancePsychic the Octopode Reaver began the quest for
                  | the Orb.
     0 | D:1      | Reached XP level 1. HP: 14/14 MP: 3/3
    25 | D:1      | Found a faded altar of an unknown god.
    40 | D:1      | Prayed at the altar of an unknown god.
    40 | D:1      | Became a worshipper of Sif Muna the Loreminder
    40 | D:1      | Reached * piety under Sif Muna
   129 | D:1      | Reached XP level 2. HP: 16/19 MP: 5/5
   320 | D:1      | Learned a level 2 spell: Momentum Strike
   336 | D:1      | Found Peggey's Distillery.
   931 | D:2      | Reached skill level 1 in Translocations
   931 | D:2      | Reached XP level 3. HP: 19/23 MP: 2/6
   939 | D:2      | Slain by a kobold

Illustrated notes

Levels and vault maps discovered:
D:1:      lemuel_arrival_rhombus, layout_loops_ring,
          hellmonk_ecumenical_altar_dog_temple, serial_shops,
          nicolae_shop_advertising_works [nicolae_subvault_shop_adworks],
          hangedman_decor_points, minmay_misc_feat_room
D:2:      layout_basic, minmay_pentomino_v4, uniq_natasha

Skill      XL: |  1  2 |
---------------+-------+-----
Translocations | 1 |  1.0
Fighting       | |  2.4
Polearms       | |  3.0
Dodging        | |  2.0
Spellcasting   | |  2.3
Conjurations   | |  3.3

Action                   || total
-------------------------++-------
Melee: Spear             ||    64
       Constrict         ||     9
       Tentacles         ||    11
 Cast: Momentum Strike   ||     6
       Kiss of Death     ||     1
  Use: Scroll            ||     1
 Stab: Sleeping          ||     5
Armor: Skin              ||     7
Dodge: Dodged            ||    27

Table legend: (Time is in decaauts)
 A = Elapsed time spent in this place.
 B = Non-inter-level travel time spent in this place.
 C = Inter-level travel time spent in this place.
 D = Time resting spent in this place.
 E = Time spent auto-exploring this place.
 F = Levels seen in this place.
 G = Mean time per level.
                   A        B        C        D        E       F      G
               +--------+--------+--------+--------+--------+-----+--------+
         Total |    936 |    880 |     56 |     25 |    678 |   2 |  468.0 |
       Dungeon |    936 |    880 |     56 |     25 |    678 |   2 |  468.0 |
               +--------+--------+--------+--------+--------+-----+--------+

Top non-repeatable levels by time:
     D:1: 799 daAuts
     D:2: 137 daAuts
